 Dungeon Sprint DCSS version 0.31-a0-496-g6f97920a28 (webtiles) character file.

Game seed: 9445775591277815139

72065 Midn8 the Rhythm of Life and Death (level 15, -10/158 HPs)
             Began as a Demonspawn Gladiator on Aug 9, 2023.
             Was the Champion of Uskayaw.
             Mangled by Posohal the pandemonium lord (20 damage)
             ... in the Dungeon (Sprint V: "Ziggurat Sprint").
             The game lasted 00:14:36 (1011 turns).

Midn8 the Rhythm of Life and Death (DsGl)           Turns: 1011, Time: 00:14:36

Health: -10/158    AC: 47    Str: 25    XL:     15   Next: 0%
Magic:  0/29       EV:  3    Int: 12    God:    Uskayaw [******]
Gold:   0          SH: 32    Dex: 15    Spells: 14/14 levels left

rFire   + + .        O - +16 obsidian axe {drain, demonic, Mesm Drain Fly SInv}
rCold   + . .        Q - +18 shield of the Gong {Loud rN+ Will+ rCorr EV-5}
rNeg    + . .        P - +15 Maxwell's patent armour {-Cast -Tele rElec Will+ rCorr}
rPois   .            c - +1 helmet {Int+3}
rElec   +            n - +0 cloak {Will+}
rCorr   +            V - +2 pair of gloves of Naaqidy {rC+ Regen+ Str+3}
SInv    +            a - +1 pair of boots {rampage}
Will    ++++.        W - amulet of faith Stlth
                     R - ring of protection from fire
HPRegen 1.26/turn    S - ring of protection from fire
MPRegen 0.42/turn

%: no teleportation, no spellcasting, guardian spirit, rampage, faith
@: mighty, lethally poisoned (-10 -> -15), sanguine armoured, flying,
mesmerised, hasted, studying Shields, very quick
A: claws 2, icemail 1, magic shield, magic regeneration, sanguine armour 2,
condensation shield, low MP 1, screaming 1
a: Renounce Religion, Stomp, Line Pass, Grand Finale


You were in the Dungeon.
You worshipped Uskayaw.
Uskayaw was exalted by your worship.
You visited 1 branch

Inventory:

Hand Weapons
 p - a +5 battleaxe
 q - a +5 spectral broad axe
 r - a +5 executioner's axe
 O - the +16 obsidian axe (weapon) {drain, demonic, Mesm Drain Fly SInv}
   (You found it in the Dungeon)

   Mesm:      Its wielder is mesmerised by any visible foes, and it cannot be
   unequipped while any foes are visible.
   SInv:      It lets you see invisible.
   Fly:       It grants you flight.
   Drain:     It drains your maximum health when unequipped.
Missiles
 d - 3 throwing nets (quivered)
 e - a javelin
Armour
 a - a +1 pair of boots of rampaging (worn)
 c - a +1 helmet of intelligence (worn)
 l - +5 gold dragon scales
 n - a +0 cloak of willpower (worn)
 o - a +3 tower shield
 P - the +15 Maxwell's patent armour (worn) {-Cast -Tele rElec Will+ rCorr}
   (You found it in the Dungeon)

   rElec:     It insulates you from electricity.
   -Cast:     It prevents spellcasting.
   -Tele:     It prevents most forms of teleportation.
   rCorr:     It protects you from acid and corrosion.
   Will:      It increases your willpower.
 Q - the +18 shield of the Gong (worn) {Loud rN+ Will+ rCorr EV-5}
   (You found it in the Dungeon)

   Loud:      It is deafeningly noisy when blocking attacks.
   EV:        It affects your evasion (-5).
   rN:        It protects you from negative energy.
   rCorr:     It protects you from acid and corrosion.
   Will:      It increases your willpower.
 V - the +2 pair of gloves of Naaqidy (worn) {rC+ Regen+ Str+3}
   (You found it in the Dungeon)

   Str:       It affects your strength (+3).
   rC:        It protects you from cold.
   Regen:     It increases your rate of health regeneration.
Jewellery
 b - the ring of Ysinof {rElec rPois Str+2 Slay+2}
   (You found it in the Dungeon)

   [ring of poison resistance]

   Str:       It affects your strength (+2).
   Slay:      It affects your accuracy & damage with ranged weapons and melee
   (+2).
   rElec:     It insulates you from electricity.
   rPois:     It protects you from poison.
 m - a ring of willpower
 F - the ring "Put-Me-On" {Fire rElec Str+8}
   (You found it in the Dungeon)

   [ring of fire]

   It enhances your fire magic.
   Str:       It affects your strength (+8).
   rF:        It protects you from fire.
   rC:        It makes you vulnerable to cold.
   rElec:     It insulates you from electricity.
 I - the ring of Hifoamu {rPois Str+6}
   (You found it in the Dungeon)

   [ring of strength]

   Str:       It affects your strength (+6).
   rPois:     It protects you from poison.
 J - a +6 ring of strength
 R - a ring of protection from fire (left hand)
 S - a ring of protection from fire (right hand)
 T - the ring "Caogarch" {rPois AC+4 Int+4}
   (You found it in the Dungeon)

   [ring of protection]

   AC:        It affects your AC (+4).
   Int:       It affects your intelligence (+4).
   rPois:     It protects you from poison.
 W - an amulet of faith (around neck)
 X - the ring "Reabec" {rPois rC+ Dex+3 Slay-3}
   (You found it in the Dungeon)

   [ring of protection from cold]

   Dex:       It affects your dexterity (+3).
   Slay:      It affects your accuracy & damage with ranged weapons and melee
   (-3).
   rC:        It protects you from cold.
   rPois:     It protects you from poison.
 Z - an amulet of reflection
Talismans
 K - a beast talisman
 L - a blade talisman
 M - a maw talisman
 N - a serpent talisman
Wands
 y - a wand of mindburst (23)
 A - a wand of roots (18)
 C - a wand of quicksilver (25)
 U - a wand of charming (48)
 Y - a wand of flame (15)
Scrolls
 k - 4 scrolls of blinking
 s - 4 scrolls of amnesia
 t - 4 scrolls of fog
 u - 5 scrolls of identify
 v - 2 scrolls of fear
Potions
 f - 10 potions of curing
 g - 8 potions of heal wounds
 h - 5 potions of haste
 i - 7 potions of magic
 j - 2 potions of berserk rage
 w - 2 potions of brilliance
 x - 2 potions of invisibility
 z - 4 potions of resistance
 B - 4 potions of might
Miscellaneous
 D - a lightning rod (4/4)
 E - a condenser vane
 G - a box of beasts
 H - a phial of floods


   Skills:
 + Level 26.5 Fighting
 - Level 18.0 Axes
 - Level 1.7 Throwing
 - Level 8.0 Armour
 - Level 2.6 Dodging
 - Level 16.0 Shields
 O Level 27 Invocations
 - Level 10.0 Evocations


You had 14 spell levels left.
You didn't know any spells.
Your spell library contained the following spells:

 Spells                   Type           Power      Damage    Failure   Level
 Magic Dart               Conj           0%         1d3       99%         1
 Sandblast                Erth           0%         2d4       99%         1
 Slow                     Hex            0%         N/A       99%         1
 Summon Small Mammal      Summ           0%         N/A       99%         1
 Cigotuvi's Dreadful Rot  Necr/Pois/Air  0%         N/A       100%        2
 Ensorcelled Hibernation  Hex/Ice        0%         N/A       100%        2
 Passwall                 Tmut/Erth      0%         N/A       100%        2
 Scorch                   Fire           0%         2d5       100%        2
 Searing Ray              Conj           0%         2d4       100%        2
 Call Canine Familiar     Summ           0%         N/A       100%        3
 Confusing Touch          Hex            0%         N/A       100%        3
 Dazzling Flash           Conj/Hex       0%         N/A       100%        3
 Frozen Ramparts          Ice            0%         1d1       100%        3
 Inner Flame              Hex/Fire       0%         N/A       100%        3
 Ozocubu's Armour         Ice            0%         N/A       100%        3
 Stone Arrow              Conj/Erth      0%         3d7       100%        3
 Summon Guardian Golem    Hex/Summ       0%         N/A       100%        3
 Swiftness                Air            0%         N/A       100%        3
 Tukima's Dance           Hex            0%         N/A       100%        3
 Vampiric Draining        Necr           0%         2d6       100%        3
 Vhi's Electric Charge    Tloc/Air       0%         N/A       100%        3
 Volatile Blastmotes      Fire/Tloc      0%         2d10      100%        3
 Anguish                  Hex/Necr       0%         N/A       100%        4
 Cause Fear               Hex            0%         N/A       100%        4
 Fulminant Prism          Conj/Hex       0%         3d5       100%        4
 Leda's Liquefaction      Hex/Erth       0%         N/A       100%        4
 Manifold Assault         Tloc           0%         N/A       100%        4
 Passage of Golubria      Tloc           0%         N/A       100%        4
 Summon Ice Beast         Ice/Summ       0%         N/A       100%        4
 Arcjolt                  Conj/Air       0%         1d10      100%        5
 Fireball                 Conj/Fire      0%         3d3       100%        5
 Lee's Rapid Deconstruct  Erth           0%         3d4*      100%        5
 Metabolic Englaciation   Hex/Ice        0%         N/A       100%        5
 Silence                  Hex/Air        0%         N/A       100%        5
 Summon Mana Viper        Hex/Summ       0%         N/A       100%        5
 Yara's Violent Unravell  Hex/Tmut       0%         3d3       100%        5
 Conjure Ball Lightning   Conj/Air       0%         3x3d6     100%        6
 Dispersal                Tloc           0%         N/A       100%        6
 Leda's Unmaking          Conj/Erth      0%         9d1       100%        6
 Plasma Beam              Fire/Air       0%         2x1d10    100%        6
 Starburst                Conj/Fire      0%         6d3       100%        6
 Enfeeble                 Hex            0%         N/A       100%        7
 Monstrous Menagerie      Summ           0%         N/A       100%        7
 Ozocubu's Refrigeration  Ice            0%         4d7       100%        7
 Discord                  Hex            0%         N/A       100%        8
 Disjunction              Tloc           0%         N/A       100%        8
 Maxwell's Capacitive Co  Air            0%         ∞         100%        8
 Dragon's Call            Summ           0%         N/A       100%        9


Dungeon Overview and Level Annotations

Branches:
Dungeon (1/1)

Altars:
Ashenzari
Cheibriados
Dithmenos
Fedhas
Gozag
Hepliaklqana
Kikubaaqudgha
Makhleb
Nemelex Xobeh
Okawaru
Qazlal
Ru
Sif Muna
Trog
Uskayaw
Vehumet
Wu Jian
Xom
Yredelemnul
Jiyva
Lugonu


Innate Abilities, Weirdness & Mutations

You have very sharp fingernails.
A meltable icy envelope protects you from harm. (AC +0)
When hurt, damage is shared between your health and your magic reserves.
You regenerate magic rapidly.
When seriously injured, your blood forms thick armour. (AC +9)
A meltable shield of frost defends you. (SH +0)
Your magical capacity is low. (-10% MP)
You occasionally shout uncontrollably at your foes.


Message History

The ufetubus disappears in a puff of smoke!
The ice devil hits your soul eater but does no damage.
The balrug hits you with a +2 demon whip of venom!
* * * LOW HITPOINT WARNING * * *
You are engulfed in flames!
Your icy defences dissipate!
You resist.
* * * LOW HITPOINT WARNING * * *
You are poisoned.
The blizzard demon waves its arms in wide circles.
The air twists around and strikes you!
* * * LOW HITPOINT WARNING * * *
The demonspawn blood saint hits your soul eater with a +0 dagger!
Your soul eater is engulfed in flames!!
You block Posohal's attack.
PTOANNNG!
Your soul eater hits the ice devil.
Your sun demon hits Posohal but does no damage.
You feel much better.
Visions of slaying the ice devil flood into your mind.
You feel very sick.
Your sixfirhy hits the balrug!
Your sixfirhy shocks the balrug!
The hellion hits your orange demon.
Your sixfirhy hits the balrug!
Your sixfirhy shocks the balrug!
Your orange demon misses the hellion.
Your orange demon hits the hellion but does no damage.
You block Posohal's attack.
SHROANNG!
The balrug gestures at your sixfirhy. The bolt of fire hits your sixfirhy!!
The demonspawn blood saint hits your soul eater but does no damage.
The ice devil hits your orange demon!
The ice devil freezes your orange demon!!
Unknown command.
You slice the ice devil!!
The ice devil is almost dead.
You barely miss the balrug. You slash Posohal!
Visions of slaying the balrug flood into your mind.
You feel sick.
Your sixfirhy misses the balrug. Posohal splashes you!!
* * * LOW HITPOINT WARNING * * *
Space warps horribly around you!!
You die...

..)).._▓ ▓...[..))
......8▓
..)/)%)/:/))/..▓.....).)
......_▓
...............▓........
......8▓
...............▓........
......_▓
.......§.......▓....)...
......8▓
......424§.....▓.....†[)
......_▓
...§§53442.....▓.....††.
......8▓
....§224&6.....▓..▓.†...
......_▓
....434@33§....▓.▓.▓....
......8▓
...▓..§§§..▓...▓..▓....§
......_▓ . ▓▓.§§.§▓▓
.▓........ 8_8_8_8▓
...▓.......▓...▓......©.
▓▓▓▓▓▓▓▓
...............▓▓▓▓▓▓▓▓▓
.......©.......▓.....8©8
▓▓▓▓▓▓▓▓▓▓▓▓▓▓▓▓..)[.)|.
▓..||).[) ▓......†)


You could see Posohal (ally target), a demonspawn blood saint, 2 balrugs, a
blizzard demon, a hellwing, 3 ice devils, a hellion (weak, ally target), a
ynoxinul, a red devil, an ufetubus (summoned), a friendly soul eater (summoned),
a friendly sun demon (summoned), a friendly orange demon (summoned), a friendly
ice devil (summoned) and a friendly sixfirhy (summoned).

Vanquished Creatures
  5 pandemonium lords (D)
  A lich (D)
  2 deep elf master archers (D)
  2 searing wretches (D)
  A deep elf blademaster (D)
  3 fire giants (D)
  An orc warlord (D)
  A stone giant (D)
  2 balrugs (D)
  A deep elf annihilator (D)
  5 fire dragons (D)
  An ice dragon (D)
  2 salamander tyrants (D)
  A hydra (D)
  3 dancing weapons (D)
  A stoker (D)
  7 hell hogs (D)
  A deep elf knight (D)
  2 soul eaters (D)
  2 death drakes (D)
  A skeletal warrior (D)
  A deep elf archer (D)
  2 swamp dragons (D)
  2 deep elf pyromancers (D)
  2 orc knights (D)
  4 ugly things (D)
  2 deep elf zephyrmancers (D)
  3 shining eyes (D)
  4 toenail golems (D)
  2 eyes of devastation (D)
  A cane toad (D)
  A hellion (D)
  5 efreet (D)
  3 rime drakes (D)
  A red devil (D)
  A hellwing (D)
  2 tarantellas (D)
  An air elemental (D)
  3 slime creatures (D)
  A water elemental (D)
  A shadow (D)
  A yak (D)
  6 fire elementals (D)
  2 golden eyes (D)
  5 steam dragons (D)
  2 redbacks (D)
  2 floating eyes (D)
  7 hell hounds (D)
  2 swamp drakes (D)
  2 orc warriors (D)
  2 wolves (D)
  2 ogres (D)
  2 bullfrogs (D)
  A necrophage (D)
  3 scorpions (D)
  2 wights (D)
  3 orc priests (D)
  4 jellies (D)
  5 iguanas (D)
  3 orc wizards (D)
  A spectral adder (D)
  2 adder zombies (D)
  An orc (D)
  A bat skeleton (D)
  2 endoplasms (D)
  A jackal (D)
  A ball python skeleton (D)
  A giant cockroach zombie (D)
  A quokka skeleton (D)
  A quokka zombie (D)
  2 fire vortices (D)
157 creatures vanquished.

Vanquished Creatures (collateral kills)
  3 fire giants (D)
  A fire dragon (D)
  3 hell hogs (D)
  A sun demon (D)
  2 soul eaters (D)
  A vampire (D)
  An adder skeleton (D)
  A bat skeleton (D)
  A bat zombie (D)
  An endoplasm (D)
  A ball python zombie (D)
  A giant cockroach zombie (D)
  A spectral ball python (D)
  A fire vortex (D)
19 creatures vanquished.

Vanquished Creatures (others)
  A fire vortex (D)
1 creature vanquished.

Grand Total: 177 creatures vanquished

Notes
Turn   | Place    | Note
-------+----------+-------------------------------------------
     0 | D        | Midn8 the Demonspawn Gladiator began the quest for the Orb.
     0 | D        | Reached XP level 1. HP: 16/16 MP: 1/1
     0 | D        | Found a blossoming altar of Fedhas.
     0 | D        | Found the +6 Majin-Bo {spellvamp, MP+6 Int+6}
     0 | D        | Found the +27 heavy crossbow "Sniper" {heavy, Acc+∞ SInv}
     0 | D        | Found the +10 dark maul {heavy}
     0 | D        | Found the +15 Maxwell's patent armour {-Cast -Tele rElec
                  | Will+ rCorr}
     0 | D        | Found the +18 shield of the Gong {Loud rN+ Will+ rCorr
                  | EV-5}
     0 | D        | Found the +16 obsidian axe {drain, demonic, Mesm Drain Fly
                  | SInv}
     0 | D        | Found the +7 great mace "Firestarter" {flame, immolate,
                  | rFlCloud rF++}
     0 | D        | Found the +6 shillelagh "Devastator" {shatter}
     0 | D        | Found the +11 plutonium sword {Contam Stlth-}
     0 | D        | Found the +8 lance "Wyrmbane" {slay drac, rPois rF+ rC+
                  | AC+3}
     0 | D        | Found the +9 sword of Zonguldrok {reap}
     0 | D        | Found the +13 scythe of Curses {drain, curses, Drain}
     0 | D        | Found the +9 sword of Power {lifebolt}
     0 | D        | Found the +7 mace of Variability {chaos, chaos arc}
     0 | D        | Found the +11 Singing Sword {sonic wave}
     0 | D        | Found the +8 storm bow {elec, penet}
    21 | D        | Found a hazy altar of Hepliaklqana.
    21 | D        | Found a viscous altar of Jiyva.
    21 | D        | Found an opulent altar of Gozag.
    21 | D        | Found a transporter.
    21 | D        | Found an ancient bone altar of Kikubaaqudgha.
    24 | D        | Found a corrupted altar of Lugonu.
    31 | D        | Found a burning altar of Makhleb.
    32 | D        | Found a sacrificial altar of Ru.
    32 | D        | Found a stormy altar of Qazlal.
    32 | D        | Found a shimmering blue altar of Sif Muna.
    32 | D        | Found an iron altar of Okawaru.
    32 | D        | Found a bloodstained altar of Trog.
    32 | D        | Found a sparkling altar of Nemelex Xobeh.
    73 | D        | Became a worshipper of Uskayaw the Reveller
    86 | D        | Gained mutation: A meltable shield of frost defends you.
                  | (SH +0) [demonic ancestry]
    86 | D        | Reached XP level 2. HP: 22/22 MP: 2/2
    87 | D        | Entered arena 2.
    87 | D        | Noticed a golden eye
    87 | D        | Noticed a floating eye
    87 | D        | Found a transporter.
    90 | D        | Paralysed by a floating eye for 3 turns
    90 | D        | Reached * piety under Uskayaw
    94 | D        | Killed a floating eye
    95 | D        | Reached skill level 10 in Axes
    95 | D        | Gained mutation: You regenerate magic rapidly. [demonic
                  | ancestry]
    95 | D        | Reached XP level 3. HP: 27/27 MP: 3/3
    95 | D        | Gained mutation: When seriously injured, your blood forms
                  | armour. (AC +9) [demonic ancestry]
    95 | D        | Reached XP level 4. HP: 33/33 MP: 4/4
   100 | D        | Reached ** piety under Uskayaw
   103 | D        | Killed a golden eye
   104 | D        | Reached XP level 5. HP: 38/38 MP: 5/5
   112 | D        | Entered arena 3.
   112 | D        | Found a transporter.
   118 | D        | Gained mutation: A meltable icy envelope protects you from
                  | harm. (AC +0) [demonic ancestry]
   118 | D        | Reached XP level 6. HP: 34/44 MP: 6/6
   118 | D        | Reached *** piety under Uskayaw
   159 | D        | Entered arena 4.
   159 | D        | Noticed a cyan ugly thing
   159 | D        | Noticed a green ugly thing
   159 | D        | Noticed a green ugly thing
   159 | D        | Noticed a brown ugly thing
   159 | D        | Found a transporter.
   167 | D        | Reached **** piety under Uskayaw
   169 | D        | Killed a cyan ugly thing
   170 | D        | Reached skill level 6 in Invocations
   170 | D        | Gained mutation: You have sharp fingernails. [demonic
                  | ancestry]
   170 | D        | Reached XP level 7. HP: 50/50 MP: 6/11
   170 | D        | Killed a cyan ugly thing
   170 | D        | Reached ***** piety under Uskayaw
   171 | D        | Reached skill level 15 in Axes
   171 | D        | Gained mutation: When hurt, damage is shared between your
                  | health and your magic reserves. [demonic ancestry]
   171 | D        | Reached XP level 8. HP: 56/56 MP: 6/12
   171 | D        | Killed a brown ugly thing
   179 | D        | Killed a brown ugly thing
   198 | D        | Entered arena 5.
   198 | D        | Noticed a toenail golem
   198 | D        | Noticed a toenail golem
   198 | D        | Noticed a toenail golem
   198 | D        | Noticed a toenail golem
   198 | D        | Found a transporter.
   208 | D        | Killed a toenail golem
   208 | D        | Killed a toenail golem
   208 | D        | Killed a toenail golem
   209 | D        | Gained mutation: When seriously injured, your blood forms
                  | thick armour. (AC +9) [demonic ancestry]
   209 | D        | Reached XP level 9. HP: 59/74 MP: 11/13
   210 | D        | Killed a toenail golem
   269 | D        | Got the ring "Caogarch" {rPois AC+4 Int+4}
   273 | D        | Entered arena 6.
   273 | D        | Noticed a deep elf archer
   273 | D        | Noticed a deep elf pyromancer
   273 | D        | Noticed a +2 heavy long sword
   273 | D        | Noticed a +4 mace of protection
   273 | D        | Found a transporter.
   275 | D        | Paralysed by an air elemental for 1 turns
   281 | D        | Killed a deep elf archer
   281 | D        | Killed a +2 heavy long sword
   282 | D        | Reached skill level 9 in Invocations
   282 | D        | Reached XP level 10. HP: 69/80 MP: 11/17
   282 | D        | Killed a +4 mace of protection
   283 | D        | Reached skill level 12 in Invocations
   283 | D        | Paralysed by an air elemental for 1 turns
   285 | D        | Killed a deep elf pyromancer
   291 | D        | Got Hufamitt's Folio of the Misty Dose
   332 | D        | Entered arena 7.
   332 | D        | Noticed a cane toad
   333 | D        | Found a transporter.
   338 | D        | Reached skill level 10 in Fighting
   338 | D        | Killed a cane toad
   344 | D        | Got the +2 pair of gloves of Naaqidy {rC+ Regen+ Str+3}
   351 | D        | Got the amulet of Sicuuz {Faith rElec rF- rC- Int+8}
   353 | D        | Got the ring "Reabec" {rPois rC+ Dex+3 Slay-3}
   358 | D        | Entered arena 8.
   359 | D        | Found a transporter.
   381 | D        | Entered arena 9.
   382 | D        | Found a transporter.
   390 | D        | Reached skill level 13 in Invocations
   408 | D        | Entered arena 10.
   408 | D        | Noticed an eye of devastation
   408 | D        | Noticed a shining eye
   410 | D        | Paralysed by a floating eye for 2 turns
   412 | D        | Found a transporter.
   417 | D        | Paralysed by a floating eye for 2 turns
   418 | D        | Reached skill level 14 in Invocations
   421 | D        | Killed a shining eye
   422 | D        | Reached skill level 15 in Invocations
   422 | D        | Reached XP level 11. HP: 95/95 MP: 20/22
   444 | D        | Entered arena 11.
   444 | D        | Found the +3 salamander hide armour {Flames, rFlCloud rF++
                  | rC--}
   444 | D        | Noticed a shining eye
   444 | D        | Noticed a shining eye
   445 | D        | Found a transporter.
   453 | D        | Reached skill level 16 in Invocations
   454 | D        | Reached skill level 17 in Invocations
   454 | D        | Gained mutation: You occasionally shout uncontrollably at
                  | your foes. [a shining eye]
   455 | D        | Killed a shining eye
   455 | D        | Gained mutation: Your magical capacity is low. (-10% MP) [a
                  | shining eye]
   456 | D        | Killed a shining eye
   486 | D        | Got Sumenwus's Codex of the Volley and the Blaze
   490 | D        | Got the ring of Ysinof {rElec rPois Str+2 Slay+2}
   513 | D        | Entered arena 12.
   513 | D        | Noticed a deep elf master archer
   513 | D        | Noticed a deep elf knight
   513 | D        | Noticed a deep elf zephyrmancer
   513 | D        | Noticed a deep elf master archer
   514 | D        | Noticed a deep elf blademaster
   514 | D        | Noticed a deep elf annihilator
   514 | D        | Noticed a deep elf pyromancer
   514 | D        | Noticed a deep elf zephyrmancer
   514 | D        | Noticed a +2 heavy long sword
   515 | D        | Found a transporter.
   516 | D        | Killed a deep elf zephyrmancer
   521 | D        | Killed a +2 heavy long sword
   522 | D        | Killed a deep elf blademaster
   523 | D        | Killed a deep elf pyromancer
   523 | D        | Killed a deep elf master archer
   524 | D        | Killed a deep elf knight
   524 | D        | Killed a deep elf annihilator
   526 | D        | Reached ****** piety under Uskayaw
   527 | D        | Killed a deep elf master archer
   528 | D        | Reached XP level 12. HP: 59/102 MP: 13/22
   573 | D        | Entered arena 13.
   574 | D        | Noticed a lich
   575 | D        | Found a transporter.
   581 | D        | Killed a lich
   582 | D        | Reached skill level 10 in Evocations
   602 | D        | Entered arena 14.
   603 | D        | Noticed a stone giant
   604 | D        | Noticed an orc warlord
   605 | D        | Found a transporter.
   613 | D        | Killed a stone giant
   614 | D        | Reached skill level 15 in Shields
   620 | D        | Killed an orc warlord
   631 | D        | Got the ring of Hifoamu {rPois Str+6}
   639 | D        | Entered arena 15.
   642 | D        | Found a transporter.
   671 | D        | Got the Papyrus of Obstruction
   700 | D        | Entered arena 16.
   701 | D        | Noticed a searing wretch
   701 | D        | Noticed a hell hog
   701 | D        | Noticed a hell hog
   701 | D        | Noticed a stoker
   701 | D        | Noticed a salamander tyrant
   701 | D        | Noticed a fire giant
   701 | D        | Noticed a balrug
   701 | D        | Noticed a fire giant
   701 | D        | Noticed a fire giant
   701 | D        | Noticed a fire giant
   701 | D        | Noticed a searing wretch
   701 | D        | Noticed a hell hog
   703 | D        | Noticed a salamander tyrant
   706 | D        | Killed a hell hog
   711 | D        | Killed a hell hog
   712 | D        | Reached skill level 15 in Fighting
   715 | D        | Killed a fire giant
   715 | D        | Killed a salamander tyrant
   715 | D        | Killed a balrug
   716 | D        | Reached skill level 19 in Invocations
   716 | D        | Killed a fire giant
   716 | D        | Killed a salamander tyrant
   716 | D        | Killed a searing wretch
   716 | D        | Killed a fire giant
   717 | D        | Reached skill level 22 in Invocations
   717 | D        | Gained mutation: You have very sharp fingernails. [demonic
                  | ancestry]
   717 | D        | Reached XP level 13. HP: 33/115 MP: 5/25
   718 | D        | Killed a searing wretch
   719 | D        | Reached skill level 23 in Invocations
   719 | D        | Killed a fire giant
   722 | D        | Reached skill level 24 in Invocations
   722 | D        | Found a transporter.
   748 | D        | Got the ring of Sloth {Contam rCorr MP+9 SInv}
   789 | D        | Entered arena 17.
   792 | D        | Noticed a fire dragon
   801 | D        | Reached skill level 25 in Invocations
   801 | D        | Found a transporter.
   801 | D        | Killed a fire dragon
   806 | D        | Reached skill level 26 in Invocations
   822 | D        | Got the ring "Put-Me-On" {Fire rElec Str+8}
   842 | D        | Entered arena 18.
   845 | D        | Noticed a fire giant
   845 | D        | Noticed a fire giant
   846 | D        | Noticed a fire dragon
   846 | D        | Found a transporter.
   852 | D        | Killed a fire giant
   853 | D        | Reached skill level 27 in Invocations
   857 | D        | Killed a fire dragon
   859 | D        | Killed a fire giant
   866 | D        | Got the Omnibus of Wintry Ouranomancy
   896 | D        | Entered arena 19.
   899 | D        | Noticed a fire dragon
   899 | D        | Noticed a fire dragon
   899 | D        | Noticed a fire dragon
   899 | D        | Noticed a fire dragon
   901 | D        | Found a transporter.
   909 | D        | Killed a fire dragon
   909 | D        | Killed a fire dragon
   910 | D        | Reached XP level 14. HP: 107/131 MP: 23/28
   922 | D        | Got the Atlas of the Bewitching Glacier
   949 | D        | Got Tuah's Vellum of Rime
   977 | D        | Entered arena 20.
   982 | D        | Noticed a balrug
   982 | D        | Noticed a balrug
   982 | D        | Noticed Ytiqef the pandemonium lord
   982 | D        | Noticed a balrug
   982 | D        | Noticed Igo Cophosk the pandemonium lord
   982 | D        | Noticed Nesiemonusoz the pandemonium lord
   982 | D        | Noticed a demonspawn blood saint
   982 | D        | Found the +5 glaive of the Guard {elec, spectral, AC+5}
   983 | D        | Noticed Posohal the pandemonium lord
   983 | D        | Noticed Ruoshro the pandemonium lord
   983 | D        | Noticed Zuwuiwk the pandemonium lord
   983 | D        | Noticed a Hell Sentinel
   993 | D        | Killed Zuwuiwk the pandemonium lord
   996 | D        | Killed Nesiemonusoz the pandemonium lord
   997 | D        | Killed Ytiqef the pandemonium lord
   997 | D        | Killed a balrug
  1007 | D        | Killed Igo Cophosk the pandemonium lord
  1007 | D        | Killed Ruoshro the pandemonium lord
  1008 | D        | Reached XP level 15. HP: 40/158 MP: 7/29
  1011 | D        | Mangled by Posohal the pandemonium lord

Illustrated notes

Levels and vault maps discovered:
D:        sprint_v [room_start, room_1, room_2, room_3, room_4, room_5, room_6,
          room_7, room_8, room_9, room_10, room_11, room_12, room_13, room_14,
          room_15, room_16, room_17, room_18, room_19, room_20, room_21,
          room_22, room_23, room_24, room_25, room_26, room_27]

Skill      XL: |  1  2  3  4  5  6  7  8  9 10 11 12 13 14 |
---------------+-------------------------------------------+-----
Axes           | 7 10 11 12 14 15 18 | 18.0
Invocations    | 6 9 15 17 22 27 | 27.0
Fighting       | 8 12 15 18 26 | 26.5
Shields        | 4 8 12 16 | 16.0
Armour         | 8 |  8.0
Evocations     | 7 10 | 10.0
Throwing       | |  1.7
Dodging        | |  2.6

Action                     |  1- 3 |  4- 6 |  7- 9 | 10-12 | 13-15 || total
---------------------------+-------+-------+-------+-------+-------++-------
  Melee: Broad axe         |     2 |    19 |    28 |    79 |    69 ||   197
  Evoke: Wand              |       |       |       |     2 |       ||     2
    Use: Potion            |     1 |     1 |       |     1 |     3 ||     6
         Scroll            |       |       |       |     2 |     2 ||     4
   Stab: Paralysed         |       |     4 |     8 |    33 |    35 ||    80
         Distracted        |       |       |       |     1 |     1 ||     2
 Armour: Plate armour      |       |    11 |    25 |    31 |    24 ||    91
  Dodge: Dodged            |       |     3 |     4 |     3 |       ||    10
  Block: Buckler           |       |     7 |     7 |       |       ||    14
         Kite shield       |       |       |     9 |   102 |    56 ||   167
         Reflection        |       |       |       |     3 |       ||     3

Table legend: (Time is in decaauts)
 A = Elapsed time spent in this place.
 B = Non-inter-level travel time spent in this place.
 C = Inter-level travel time spent in this place.
 D = Time resting spent in this place.
 E = Time spent auto-exploring this place.
 F = Levels seen in this place.
 G = Mean time per level.
                   A        B        C        D        E       F      G
               +--------+--------+--------+--------+--------+-----+--------+
         Total |    968 |    968 |      0 |    239 |      0 |   1 |  968.0 |
       Dungeon |    968 |    968 |      0 |    239 |      0 |   1 |  968.0 |
               +--------+--------+--------+--------+--------+-----+--------+

Top non-repeatable levels by time:
       D: 968 daAuts
